 Dungeon Crawl Stone Soup version 0.28.0-43-g3370ac3207 (webtiles) character file.

Game seed: 7697312242452291480

263 sizableburger the Poker (level 5, -7/41 HPs)
             Began as a Mummy Abyssal Knight on Mar 13, 2022.
             Was a Believer of Lugonu.
             Splashed by a jelly's acid (10 damage)
             ... on level 3 of the Dungeon.
             The game lasted 00:07:18 (4913 turns).

sizableburger the Poker (Mummy Abyssal Knight)      Turns: 4913, Time: 00:07:19

Health: -7/41      AC: -1    Str: 18    XL:     5   Next: 98%
Magic:  14/15      EV:  9    Int: 10    God:    Lugonu [**....]
Gold:   175        SH:  0    Dex: 12    Spells: 4/4 levels left

rFire   x . .      SeeInvis .   a - +1 spear
rCold   + . .      Faith    .   (no shield)
rNeg    + + +      Spirit   .   h - +0 scale mail
rPois   ∞          Reflect  .   (no helmet)
rElec   .          Harm     .   (no cloak)
rCorr   .          Rampage  .   (no gloves)
Will    .....                   (no boots)
Stlth   ..........              (no amulet)
HPRegen 0.13/turn               c - ring of magical power
MPRegen 0.14/turn               (no ring)

@: corroded
A: cold resistance 1, negative energy resistance 3, torment resistance 2, heat
vulnerability 1, no potions
a: Renounce Religion, Depart the Abyss, Bend Space


You were on level 3 of the Dungeon.
You worshipped Lugonu.
Lugonu was pleased with you.
You visited 1 branch of the dungeon, and saw 4 of its levels.
You visited the Abyss 1 time.

You collected 175 gold pieces.

Inventory:

Hand Weapons
 a - a +1 spear (weapon)
Missiles
 b - 10 atropa-tipped darts
 d - a throwing net
 g - 9 poisoned darts (quivered)
Armour
 h - a +0 scale mail (worn)
Jewellery
 c - a ring of magical power (left hand)
Scrolls
 e - a scroll of holy word {unknown}


   Skills:
 - Level 3.2 Fighting
 + Level 4.4 Polearms
 - Level 1.0 Throwing
 - Level 2.0 Armour
 - Level 1.2 Dodging
 - Level 2.0 Invocations


You had 4 spell levels left.
You didn't know any spells.
Your spell library contained the following spells:

 Spells                   Type           Power      Damage    Failure   Level
 Corpse Rot               Necr/Air       0%         N/A       88%         2
 Poisonous Vapours        Pois/Air       0%         N/A       88%         2


Dungeon Overview and Level Annotations

Branches:
Dungeon (4/15)
 Temple: D:4-7

Altars:
Nemelex Xobeh
Trog
Wu Jian

Annotations:
D:4 fknight's ghost, novice GnBe


Innate Abilities, Weirdness & Mutations

You are immune to poison.
Your flesh is cold resistant. (rC+)
You are immune to negative energy. (rN+++)
You are immune to unholy pain and torment.
You are vulnerable to heat. (rF-)
You do not drink.


Message History

No target in view!
No target in view!
No target in view!
No target in view!
No target in view!
You start resting.
A jelly comes into view.
A jelly is nearby!
An endoplasm comes into view.
There is a stone staircase leading up here.
The endoplasm quivers.
You reach to attack!
You hit the jelly.
The jelly is lightly wounded.
You hit the jelly. The acid corrodes you!
Your hands burn!
The jelly is moderately wounded.
The jelly hits you. The acid corrodes you!
You are splashed with acid.
You hit the jelly but do no damage.
Your hands burn!
The jelly is moderately wounded.
The jelly closely misses you.
You hit the jelly but do no damage.
Your hands burn!
The jelly is moderately wounded.
The jelly closely misses you.
You hit the jelly but do no damage.
Your hands burn!
The jelly is moderately wounded.
You are too injured to fight recklessly!
You are too injured to fight recklessly!
You are too injured to fight recklessly!
You are too injured to fight recklessly!
You are too injured to fight recklessly!
You are too injured to fight recklessly!
You are too injured to fight recklessly!
There is a stone staircase leading up here.
The jelly hits you.
You are splashed with acid!
* * * LOW HITPOINT WARNING * * *
You climb upwards.
There is a stone staircase leading down here.
Space bends around you!
You blink.
The jelly hits you.
* * * LOW HITPOINT WARNING * * *
You are splashed with acid!
You die...

..##....[.....# ..##|.......###
..##........# ####........#
.....#'######
####.#<#########################
...............................#
.###.#.#######################.#
.....#.# #.@J.§.....# #.#
.#####.# #.#..##.##.### #.#
.......########.#.....##...# #.#
#######......##.#..#.....#.# #.#
.............##.##....#....###.#
.....##.......#.##.#.....#..##.#
......###.....#.##...###.......#
......# #.....#.###### #.#####.#
......# #.....#.# #.# #.#


You could see a jelly.

Vanquished Creatures
  A phantom (D:4)
  6 gnolls
  5 adders
  3 dart slugs
  9 endoplasms
  2 giant cockroaches
  9 goblins
  4 hobgoblins
  7 jackals
  A quokka (D:2)
  4 ball pythons
  7 bats
  3 frilled lizards
  6 kobolds
  4 rats
71 creatures vanquished.

Vanquished Creatures (collateral kills)
  A gnoll (D:2)
1 creature vanquished.

Vanquished Creatures (others)
  A wizard (D:3)
1 creature vanquished.

Grand Total: 73 creatures vanquished

Notes
Turn   | Place    | Note
-------+----------+-------------------------------------------
     0 | Abyss:1  | sizableburger the Mummy Abyssal Knight began the quest for
                  | the Orb.
     0 | Abyss:1  | Reached XP level 1. HP: 18/18 MP: 2/2
    49 | D:1      | Escaped the Abyss
   175 | D:1      | Reached skill level 1 in Dodging
   178 | D:1      | Reached XP level 2. HP: 23/24 MP: 3/3
   865 | D:2      | Reached ** piety under Lugonu
   926 | D:2      | Reached XP level 3. HP: 23/29 MP: 4/4
   933 | D:2      | Reached skill level 2 in Polearms
  1438 | D:2      | Reached XP level 4. HP: 33/35 MP: 5/5
  1791 | D:2      | Reached skill level 3 in Polearms
  2298 | D:2      | Reached XP level 5. HP: 31/41 MP: 6/6
  3202 | D:3      | Found a sparkling altar of Nemelex Xobeh.
  3411 | D:3      | Found an ornate altar of the Wu Jian Council.
  4243 | D:3      | Found a bloodstained altar of Trog.
  4245 | D:3      | Noticed a wizard
  4251 | D:3      | Killed a wizard
  4417 | D:4      | Identified the +2 buckler "Hueshumm" {rF- rN+ Int-2 Dex+10}
  4582 | D:4      | Noticed fknight's ghost (novice GnBe)
  4595 | D:4      | Noticed a phantom
  4707 | D:4      | Noticed an ogre
  4823 | D:4      | Killed a phantom
  4824 | D:4      | Reached skill level 4 in Polearms
  4824 | D:4      | Reached skill level 1 in Throwing
  4913 | D:3      | Splashed by a jelly's acid

Illustrated notes

Levels and vault maps discovered:
D:1:      heliophobic_arrival_enchanted_forest, layout_basic,
          amcnicky_mini_corridor_feature, hangedman_abyss_or_decor_lesser_grid
D:2:      layout_loops_ring, minivault_5
D:3:      layout_basic, trog_wizard, lemuel_tele_altar,
          nemelex_diamond_rough_becter, minmay_misc_feat_five
D:4:      layout_cave_pools, nicolae_overflow_hidden_temple,
          gammafunk_ghost_split, minmay_fractal_squares_diagonal_5

Skill      XL: |  1  2  3  4  5 |
---------------+----------------+-----
Dodging        | 1 |  1.2
Polearms       | 2 3 4 |  4.4
Armour         | 2 |  2.0
Invocations    | 2 |  2.0
Throwing       | 1 |  1.0
Fighting       | |  3.2

Action                   |  1- 3 |  4- 6 || total
-------------------------+-------+-------++-------
Melee: Spear             |   103 |   206 ||   309
       Punch             |     2 |     1 ||     3
Invok: Bend Space        |       |     1 ||     1
  Use: Scroll            |     4 |     1 ||     5
 Stab: Sleeping          |     1 |       ||     1
       Distracted        |       |     1 ||     1
Armor: Leather armour    |    22 |     6 ||    28
       Scale mail        |       |    39 ||    39
       Ring mail         |       |    15 ||    15
Dodge: Dodged            |    46 |    85 ||   131
